[Event "*** SCC Grand Prix: Titled Tuesday Blitz"]
[Site "Chess.com"]
[Date "2020.06.02"]
[Round "7"]
[White "olksuna"]
[Black "SaqoChess_Twitch"]
[Result "1-0"]
[WhiteElo "2577"]
[BlackElo "2402"]
[TimeControl "180+1"]
[EndTime "11:15:23 PDT"]
[Termination "olksuna won by resignation"]

1. e4 c5 2. Nf3 d6 3. Nc3 Nf6 4. e5 dxe5 5. Nxe5 Nbd7 6. d4 cxd4 7. Qxd4 Nxe5 8. Qxe5 e6 9. Bg5 Bd6 10. Bb5+ Kf8 11. O-O-O Ke7 12. Nd5+ Kf8 13. Nxf6 gxf6 14. Rxd6 Qa5 15. Qxf6 1-0

[Event "*** SCC Grand Prix: Titled Tuesday Blitz"]
[Site "Chess.com"]
[Date "2020.06.02"]
[Round "7"]
[White "Slovak_fighter2000"]
[Black "silverback96"]
[Result "1-0"]
[WhiteElo "2436"]
[BlackElo "2221"]
[TimeControl "180+1"]
[EndTime "11:15:43 PDT"]
[Termination "Slovak_fighter2000 won by checkmate"]

1. d4 Nf6 2. Nf3 e6 3. g3 d5 4.
Bg2 c5 5. O-O Nc6 6. c4 cxd4 7.
Nxd4 Bc5 8. Nb3 Bb6 9. cxd5 exd5 10. Bg5 O-O 11. Nc3 d4 12. Nd5 Be6 13. Nxf6+ gxf6 14. Bh6 Re8 15. Rc1 Bd5 16. e3 Bxg2 17. Qg4+ Kh8 18. Qg7# 1-0

[Event "*** SCC Grand Prix: Titled Tuesday Blitz"]
[Site "Chess.com"]
[Date "2020.06.02"]
[Round "7"]
[White "Gennady_Kozlov"]
[Black "Saxar85"]
[Result "0-1"]
[WhiteElo "2565"]
[BlackElo "2735"]
[TimeControl "180+1"]
[EndTime "11:15:44 PDT"]
[Termination "Saxar85 won by resignation"]

1. b3 Nf6 2. Bb2 g6 3. e3 Bg7 4. f4 O-O 5. Nf3 d6 6. Be2 c5 7. O-O Nc6 8. a4 e5 9. fxe5 Ng4 10. Nc3 dxe5 11. h3 Nf6 12. e4 Nh5 13. Re1 Be6 14.
Bc4 Nf4 15. Bxe6 fxe6 16. Ne2 Nxh3+ 17. gxh3 Rxf3 18. Kh2 Qh4 19. Ng1 0-1

[Event "*** SCC Grand Prix: Titled Tuesday Blitz"]
[Site "Chess.com"]
[Date "2020.06.02"]
[Round "7"]
[White "ElviraBerend"]
[Black "floplover"]
[Result "0-1"]
[WhiteElo "2390"]
[BlackElo "2217"]
[TimeControl "180+1"]
[EndTime "11:16:01 PDT"]
[Termination "floplover won by resignation"]

1. d4 d5 2. c4 e6 3. Nf3 Nf6 4. g3 Be7 5. Bg2 O-O 6. O-O dxc4 7. Qc2 a6 8. a4 Bd7 9. Qxc4 Bc6 10. Bf4 Bd6 11. Qc1 Nbd7 12. Nc3 Qe7 13. Bxd6 Qxd6 14. Qc2 Bxf3 15. Bxf3 c6 16. Rfd1 a5 17. Bg2 Rfe8 18.
e4 Qe7 19. e5 Nd5 20. Ne4 Nb4 21. Qd2 Nb6 22. Qd3 Nxd3 0-1

[Event "*** SCC Grand Prix: Titled Tuesday Blitz"]
[Site "Chess.com"]
[Date "2020.06.02"]
[Round "7"]
[White "gm_rashid"]
[Black "simonachess"]
[Result "1-0"]
[WhiteElo "2348"]
[BlackElo "2176"]
[TimeControl "180+1"]
[EndTime "11:16:10 PDT"]
[Termination "gm_rashid won by checkmate"]

1. e4 c5 2. Nf3 Nc6 3. d4 cxd4 4.
Nxd4 Nf6 5. Nc3 e5 6. Nxc6 bxc6 7. Bc4 Bc5 8. O-O O-O 9. Bg5 Be7 10. Qd3 h6 11. Bxf6 Bxf6 12. Rad1 Be7 13. Bb3 Kh8 14. Ne2 d6 15. Ng3 g6 16. c4 Kh7 17. Bc2 Be6 18. b3 a6 19. Nf5 Bxf5 20. exf5 Kg7 21. f4 exf4 22. Rxf4 g5 23. f6+ Bxf6 24. Qh7# 1-0

[Event "*** SCC Grand Prix: Titled Tuesday Blitz"]
[Site "Chess.com"]
[Date "2020.06.02"]
[Round "7"]
[White "murtas73"]
[Black "Lenyas66"]
[Result "0-1"]
[WhiteElo "2655"]
[BlackElo "2536"]
[TimeControl "180+1"]
[EndTime "11:16:16 PDT"]
[Termination "Lenyas66 won by resignation"]

1. d4 e6 2. c4 Bb4+ 3. Bd2 a5 4.
g3 Nf6 5. Bg2 d5 6. a3 Be7 7. Qc2 O-O 8. Nf3 Nbd7 9. O-O c5 10.
cxd5 exd5 11. dxc5 Nxc5 12. Bc3 Nce4 13. Bd4 Bf5 14. Qb3 Qd7 15. Nc3 a4 16. Qb5 Nxc3 17. Qxd7 Nxe2+ 18. Kh1 Bxd7 19. Be5 Bb5 20. Rfe1 Ng4 21.
Bd4 Bf6 22. Be3 d4 23. Bh3 dxe3 24. Bxg4 exf2 0-1

[Event "*** SCC Grand Prix: Titled Tuesday Blitz"]
[Site "Chess.com"]
[Date "2020.06.02"]
[Round "7"]
[White "Barmen_EV"]
[Black "Bayernbk"]
[Result "1-0"]
[WhiteElo "2392"]
[BlackElo "2481"]
[TimeControl "180+1"]
[EndTime "11:16:34 PDT"]
[Termination "Barmen_EV won by resignation"]

1. d4 Nf6 2. c4 e6 3. Nc3 d5 4. cxd5 Nxd5 5. e4 Nxc3 6. bxc3 c5 7. Nf3 cxd4 8. cxd4 Bb4+ 9. Bd2 Bxd2+ 10. Qxd2 O-O 11. Bc4 b6 12. O-O Bb7 13. Rfe1 Nc6 14. Rad1 Rc8 15.
d5 exd5 16. Bxd5 Qe7 17. Qf4 Nd8 18. h4 h6 19. Qf5 Ne6 20. Ne5 Bxd5 21. exd5 Qf6 22.
Qxf6 gxf6 23. Nd7 Rfd8 24. dxe6 1-0

[Event "*** SCC Grand Prix: Titled Tuesday Blitz"]
[Site "Chess.com"]
[Date "2020.06.02"]
[Round "7"]
[White "Pechen_Yeltsina"]
[Black "boasovietica"]
[Result "1-0"]
[WhiteElo "2709"]
[BlackElo "2428"]
[TimeControl "180+1"]
[EndTime "11:16:35 PDT"]
[Termination "Pechen_Yeltsina won by resignation"]

1. e4 e5 2. Nc3 Nf6 3. Bc4 Nc6 4. d3 Bc5 5. f4 d6 6. Nf3 O-O 7. f5 Nd4 8. Bg5 c6 9. a4 Bb4 10. O-O Re8 11. Kh1 Bxc3 12. bxc3 d5 13. cxd4 1-0

[Event "*** SCC Grand Prix: Titled Tuesday Blitz"]
[Site "Chess.com"]
[Date "2020.06.02"]
[Round "7"]
[White "almo64"]
[Black "ChessQueen"]
[Result "1/2-1/2"]
[WhiteElo "2823"]
[BlackElo "2658"]
[TimeControl "180+1"]
[EndTime "11:16:37 PDT"]
[Termination "Game drawn by repetition"]

1. e4 c6 2. Nc3 d5 3. g3 dxe4 4. Nxe4 Nd7 5. Qe2 Qc7 6. d4 Ngf6 7. Bf4 Qa5+ 8. b4 Qxb4+ 9. c3 Qa3 10. Nd6+ Kd8 11. Nxf7+ Ke8 12. Nd6+ Kd8 13. Nf7+ Ke8 14.
Nd6+ Kd8 15. Nf7+ 1/2-1/2

[Event "*** SCC Grand Prix: Titled Tuesday Blitz"]
[Site "Chess.com"]
[Date "2020.06.02"]
[Round "7"]
[White "Borsuk_Konstantin"]
[Black "yobdc"]
[Result "0-1"]
[WhiteElo "2548"]
[BlackElo "2211"]
[TimeControl "180+1"]
[EndTime "11:16:40 PDT"]
[Termination "yobdc won by resignation"]

1. d4 d5 2. c4 e6 3. Nc3 Be7 4.
e4 dxe4 5. Nxe4 Nf6 6. Ng3 c5 7. Nf3 Nc6 8. dxc5 Qxd1+ 9. Kxd1 Bxc5 10. Be3 Bxe3 11. fxe3 Ng4 12. Ke2 b6 13. h3 Nge5 14.
Kf2 Ba6 15. b3 O-O-O 16. Be2 Nd3+ 17. Bxd3 Rxd3 18. Rhd1 Rhd8 19. Rxd3 Rxd3 20. Ke2 Rd7 21. a4 Bb7 22. Ne4 Na5 23. Ned2 Bxf3+ 24. gxf3 Rxd2+ 0-1

[Event "*** SCC Grand Prix: Titled Tuesday Blitz"]
[Site "Chess.com"]
[Date "2020.06.02"]
[Round "7"]
[White "stoleriu"]
[Black "StephenDedalus83"]
[Result "1-0"]
[WhiteElo "2551"]
[BlackElo "2706"]
[TimeControl "180+1"]
[EndTime "11:16:41 PDT"]
[Termination "stoleriu won by resignation"]

1. e4 c5 2. Nf3 Nc6 3. Bb5 g6 4. Bxc6 dxc6 5. d3 Bg7 6. O-O e5 7. Be3 Qe7 8. Nbd2 Nh6 9. h3 O-O 10. Nc4 f6 11. a4 b6 12. Qd2 Be6 13. Bxh6 Bxh6 14. Qxh6 Rad8 15. Qe3 g5 16. Nh2 h5 17. a5 b5 18. Nd2 a6 19. Nb3 Bxb3 20. cxb3 Rd4 21.
Nf3 Rb4 22. Rfc1 Rxb3 23. Qxc5 Qxc5 24. Rxc5 Rc8 25. Rac1 Rxb2 26. Rxc6 Rxc6 27. Rxc6 b4 28. Rxa6 b3 29. Rxf6 Ra2 30. Rb6 b2 31. Kh2 1-0

[Event "*** SCC Grand Prix: Titled Tuesday Blitz"]
[Site "Chess.com"]
[Date "2020.06.02"]
[Round "7"]
[White "Funkmaus"]
[Black "NZT72"]
[Result "0-1"]
[WhiteElo "2191"]
[BlackElo "2398"]
[TimeControl "180+1"]
[EndTime "11:16:41 PDT"]
[Termination "NZT72 won by resignation"]

1. d4 Nf6 2. Nf3 g6 3. g3 Bg7 4. Bg2 O-O 5. O-O d6 6. c3 Nbd7 7. Nbd2 e5 8. dxe5 dxe5 9. Nc4 Qe7 10. b3 Re8 11. Ba3 Qe6 12. Qc2 e4 13. Nd4 Qa6 14. Bb2 c5 15. Rfd1 cxd4 16. Rxd4 Bf8 17. Bxe4 Bc5 0-1

[Event "*** SCC Grand Prix: Titled Tuesday Blitz"]
[Site "Chess.com"]
[Date "2020.06.02"]
[Round "7"]
[White "MathiasWomacka"]
[Black "Machidon"]
[Result "1-0"]
[WhiteElo "2392"]
[BlackElo "2501"]
[TimeControl "180+1"]
[EndTime "11:16:47 PDT"]
[Termination "MathiasWomacka won by resignation"]

1. e4 c6 2. d4 d5 3. Nd2 dxe4 4. Nxe4 Bf5 5. Ng3 Bg6 6. h4 h6 7. Nf3 Nf6 8. Ne5 Bh7 9. Bd3 Qxd4 10. Nxf7 Bxd3 11. Nxh8 Qe5+ 12. Be3 Bh7 13. Qd8+ Kxd8 14. Nf7+ Ke8 15. Nxe5 e6 16. O-O-O Nbd7 17. Nxd7 Nxd7 18. Rhe1 Be7 19. Bd4 Kf7 20. Bxg7 Nb6 21. Bxh6 Bxh4 22. Ne4 1-0

[Event "*** SCC Grand Prix: Titled Tuesday Blitz"]
[Site "Chess.com"]
[Date "2020.06.02"]
[Round "7"]
[White "Happy1712Drummer"]
[Black "Khazieva_Elza"]
[Result "1-0"]
[WhiteElo "2455"]
[BlackElo "2274"]
[TimeControl "180+1"]
[EndTime "11:16:52 PDT"]
[Termination "Happy1712Drummer won by resignation"]

1. Nf3 Nf6 2. c4 d6 3. g3 Bf5 4. Bg2 c6 5. Nc3 h6 6. d4 Nbd7 7. d5 Qc7 8. Nd4 Bg6 9. dxc6 bxc6 10. Bxc6 Rc8 11. Nd5 Nxd5 12. cxd5 Be4 13. O-O g5 14. Nb5 Qb8 15. Qd4 1-0

[Event "*** SCC Grand Prix: Titled Tuesday Blitz"]
[Site "Chess.com"]
[Date "2020.06.02"]
[Round "7"]
[White "TengisChess"]
[Black "zala02"]
[Result "1-0"]
[WhiteElo "2487"]
[BlackElo "2231"]
[TimeControl "180+1"]
[EndTime "11:16:55 PDT"]
[Termination "TengisChess won by resignation"]

1. d4 Nf6 2. Nc3 d5 3. h3 Bf5 4. g4 Bg6 5. Bg5 e6 6. e3 Be7 7. Nge2 O-O 8. Nf4 c5 9. h4 h6 10.
Nxg6 fxg6 11. Bf4 Nc6 12. g5 Nh5 13. Qg4 hxg5 14. Qxe6+ Kh7 15. hxg5 Bxg5 16. Bd3 Bxf4 17. Rxh5+ Bh6 18. Rxh6+ 1-0

[Event "*** SCC Grand Prix: Titled Tuesday Blitz"]
[Site "Chess.com"]
[Date "2020.06.02"]
[Round "7"]
[White "DariaVoit"]
[Black "Bulldog167"]
[Result "1-0"]
[WhiteElo "2560"]
[BlackElo "2739"]
[TimeControl "180+1"]
[EndTime "11:16:57 PDT"]
[Termination "DariaVoit won by resignation"]

1. d4 Nf6 2. Nf3 d5 3. c4 e6 4. g3 dxc4 5. Bg2 a6 6. O-O Nc6 7. e3 Rb8 8. Qe2 b5 9. b3 cxb3 10. axb3 Be7 11. Bd2 O-O 12. Rc1 Rb6 13. Ne5 Nxe5 14.
dxe5 Nd5 15. Ba5 Rb8 16. Nc3 Nb6 17. Ne4 Bb7 18. Rd1 Qc8 19. Bxb6 cxb6 20. Rac1 Qe8 21. Rc7 Bxe4 22. Bxe4 Bc5 23. Bc6 1-0

[Event "*** SCC Grand Prix: Titled Tuesday Blitz"]
[Site "Chess.com"]
[Date "2020.06.02"]
[Round "7"]
[White "Storchnoi"]
[Black "kasparicy"]
[Result "1/2-1/2"]
[WhiteElo "2037"]
[BlackElo "2203"]
[TimeControl "180+1"]
[EndTime "11:16:57 PDT"]
[Termination "Game drawn by agreement"]

1. d4 Nf6 2. c4 g6 3. Nc3 d5 4. Nf3 Bg7 5. cxd5 Nxd5 6. e4 Nxc3 7.
bxc3 c5 8. Rb1 O-O 9. Be2 cxd4 10. cxd4 Qa5+ 11. Qd2 Qxd2+ 12. Bxd2 b6 13. O-O Bb7 14. Bd3 Nc6 15. Be3 Rac8 16. Rbc1 Rfd8 17. d5 Na5 18. Bd4 Bxd4 19. Nxd4 e6 20. Rxc8 Bxc8 21. Nb5 exd5 22.
Nxa7 dxe4 23. Bxe4 Be6 24. a4 Rd2 25. Nc6 Nc4 26. Rc1 Nb2 27. a5 bxa5 28. Nxa5 1/2-1/2

[Event "*** SCC Grand Prix: Titled Tuesday Blitz"]
[Site "Chess.com"]
[Date "2020.06.02"]
[Round "7"]
[White "GMartin_Petrov"]
[Black "avantage_ru"]
[Result "0-1"]
[WhiteElo "2561"]
[BlackElo "2724"]
[TimeControl "180+1"]
[EndTime "11:16:58 PDT"]
[Termination "avantage_ru won by resignation"]

1. e4 Nf6 2. e5 Ne4 3. d4 e6 4. Bd3 d5 5. exd6 Nxd6 6. Nf3 Nd7 7. O-O c5 8. Bg5 Be7 9. Bxe7 Qxe7 10. d5 e5 11. Re1 O-O 12. Nxe5 Nxe5 13. f4 Nf3+ 14. gxf3 Qf6 15. Qd2 Qxb2 16. Nc3 Qb4 17. Kh1 Qd4 18. Ne4 Nxe4 19. Rxe4 Qxa1+ 20. Re1 Qf6 21. Qe3 b6 22.
Qe4 g6 23. d6 Bf5 0-1

[Event "*** SCC Grand Prix: Titled Tuesday Blitz"]
[Site "Chess.com"]
[Date "2020.06.02"]
[Round "7"]
[White "WeAintSurePal"]
[Black "capatl"]
[Result "1-0"]
[WhiteElo "2274"]
[BlackElo "2434"]
[TimeControl "180+1"]
[EndTime "11:17:03 PDT"]
[Termination "WeAintSurePal won by checkmate"]

1. d4 Nf6 2. c4 e6 3. Nc3 d5 4. Bg5 Nbd7 5. Nf3 Be7 6. e3 O-O 7. Qc2 dxc4 8. Bxc4 c5 9. O-O a6 10. Rfd1 b5 11. Be2 Qb6 12. dxc5 Nxc5 13. b4 Ncd7 14. a3 Bb7 15. Rxd7 Nxd7 16. Bxe7 Rfc8 17. Qd2 Bxf3 18. Bxf3 Ra7 19. Rd1 h6 20. Ne4 Rac7 21. Bc5 Nxc5 22.
Nxc5 a5 23. Be4 axb4 24. Qd8+ Rxd8 25. Rxd8# 1-0

[Event "*** SCC Grand Prix: Titled Tuesday Blitz"]
[Site "Chess.com"]
[Date "2020.06.02"]
[Round "7"]
[White "szefru"]
[Black "albano87"]
[Result "1-0"]
[WhiteElo "2152"]
[BlackElo "2429"]
[TimeControl "180+1"]
[EndTime "11:17:03 PDT"]
[Termination "szefru won by checkmate"]

1. e4 g6 2. d4 Bg7 3. Nc3 d6 4.
Be3 c6 5. Qd2 b5 6. O-O-O a5 7.
Kb1 Nf6 8. f3 b4 9. Nce2 O-O 10.
g4 h5 11. gxh5 Nxh5 12. Ng3 Nf6 13. h4 Nh5 14. Nxh5 gxh5 15. Nh3 Bxh3 16. Bxh3 e6 17. Bh6 Kh7 18. Bxg7 Kxg7 19. Rdg1+ Kh7 20. Rg5 f5 21. Rxh5+ Kg7 22. Qh6+ Kf7 23. exf5 Ke7 24. Qxe6# 1-0

[Event "*** SCC Grand Prix: Titled Tuesday Blitz"]
[Site "Chess.com"]
[Date "2020.06.02"]
[Round "7"]
[White "ChelsieMonica"]
[Black "GodDMuhammad"]
[Result "1-0"]
[WhiteElo "2456"]
[BlackElo "2301"]
[TimeControl "180+1"]
[EndTime "11:17:04 PDT"]
[Termination "ChelsieMonica won by resignation"]

1. c4 Nf6 2. Nf3 e6 3. e3 d5 4. Nc3 b6 5. cxd5 exd5 6. Be2 c6 7. b3 Bf5 8. Bb2 Nbd7 9. O-O Bd6 10. Nd4 Bg6 11. f4 c5 12. Ndb5 Qe7 13. Nxd6+ Qxd6 14. Nb5 Qc6 15. f5 Bh5 16. Bxh5 Qxb5 17. Bf3 Qd3 18.
g4 O-O 19. Rf2 Ne4 20. Bxe4 dxe4 21. g5 Rfe8 22. Qh5 Ne5 23. Bxe5 Rxe5 24. f6 h6 25. h4 hxg5 26. fxg7 f5 27. Qh8+ 1-0

[Event "*** SCC Grand Prix: Titled Tuesday Blitz"]
[Site "Chess.com"]
[Date "2020.06.02"]
[Round "7"]
[White "gui_borba"]
[Black "Gyapiking"]
[Result "0-1"]
[WhiteElo "2314"]
[BlackElo "2503"]
[TimeControl "180+1"]
[EndTime "11:17:15 PDT"]
[Termination "Gyapiking won by resignation"]

1. d4 d5 2. Bf4 c5 3. e3 Nf6 4. c3 Nc6 5. Nd2 Bf5 6. Qb3 Qc8 7.
Ngf3 c4 8. Qd1 e6 9. Be2 h6 10. O-O Be7 11. h3 O-O 12. b3 b5 13.
a4 b4 14. Nb1 bxc3 15. Nxc3 Nb4 16. bxc4 dxc4 17. Ne5 Nfd5 18. Qd2 Nxf4 19. exf4 Rd8 20.
Nxc4 Nc2 21. Rac1 Rxd4 22. Qxc2 Bxc2 23. Rxc2 Rxc4 24. Bxc4 Qxc4 25. Rfc1 Qxf4 26. Nb5 Bf6 27. Nc7 Rc8 28. g3 Qf5 29. h4 Be5 0-1

[Event "*** SCC Grand Prix: Titled Tuesday Blitz"]
[Site "Chess.com"]
[Date "2020.06.02"]
[Round "7"]
[White "AndrewMaco"]
[Black "Micki-taryan"]
[Result "1/2-1/2"]
[WhiteElo "2655"]
[BlackElo "3034"]
[TimeControl "180+1"]
[EndTime "11:17:16 PDT"]
[Termination "Game drawn by agreement"]

1. e4 e5 2. Nf3 Nc6 3. Bb5 Nf6 4. O-O Nxe4 5. Re1 Nd6 6. Nxe5 Be7 7. Bf1 Nxe5 8.
Rxe5 O-O 9. d4 Bf6 10. Re1 Re8 11. c3 b6 12. Bf4 Rxe1 13. Qxe1 Ne8 14. d5 Bb7 15. Qd2 Be7 16. c4 Bd6 17. Be3 Be5 18.
Nc3 Nf6 19. h3 c5 20. Bf4 Bxf4 21. Qxf4 d6 22. Re1 a6 23. g4 h6 24. h4 Qf8 25. g5 hxg5 26. hxg5 Nd7 27. Qg3 b5 28. cxb5 axb5 29. Bxb5 Nb6 30. Bc6 Bxc6 31. dxc6 Rc8 1/2-1/2

[Event "*** SCC Grand Prix: Titled Tuesday Blitz"]
[Site "Chess.com"]
[Date "2020.06.02"]
[Round "7"]
[White "GothamChess"]
[Black "Thipsay"]
[Result "1-0"]
[WhiteElo "2623"]
[BlackElo "2451"]
[TimeControl "180+1"]
[EndTime "11:17:23 PDT"]
[Termination "GothamChess won by resignation"]

1. e4 e5 2. Nc3 Nc6 3. Bc4 Nf6 4. d3 Bb4 5. Ne2 d5 6. exd5 Nxd5 7. O-O Bxc3 8.
bxc3 O-O 9. Rb1 Na5 10. Bb3 Nxb3 11. axb3 Bg4 12. f3 Be6 13. c4 Ne7 14. f4 exf4 15. Nxf4 Bd7 16. Bb2 Ng6 17. Bxg7 Kxg7 18. Nh5+ Kh8 19. Nf6 h6 20. Qd2 Kg7 21. Qc3 Kh8 22.
Nxd7+ 1-0

[Event "*** SCC Grand Prix: Titled Tuesday Blitz"]
[Site "Chess.com"]
[Date "2020.06.02"]
[Round "7"]
[White "nitpicker"]
[Black "JSMastropiero"]
[Result "1-0"]
[WhiteElo "2243"]
[BlackElo "2426"]
[TimeControl "180+1"]
[EndTime "11:17:27 PDT"]
[Termination "nitpicker won by resignation"]

1. d4 Nf6 2. c4 c5 3. d5 b5 4. cxb5 a6 5. bxa6 g6 6. Nc3 Bxa6 7. e4 Bxf1 8. Kxf1 d6 9. Nf3 Bg7 10. g3 O-O 11. Kg2 Qb6 12. a4 Na6 13. Qe2 Rfb8 14.
Nd2 Nc7 15. Nc4 Qa6 16. Ra2 Rb4 17. Nd2 Qxe2 18. Nxe2 Nxe4 19. Nxe4 Rxe4 20. Nc3 Bxc3 21. bxc3 Rexa4 22. Rd2 Ra2 23. Rxa2 Rxa2 24. Rd1 Rc2 25. Bh6 Rxc3 26. Rb1 f6 27. Rb8+ 1-0

[Event "*** SCC Grand Prix: Titled Tuesday Blitz"]
[Site "Chess.com"]
[Date "2020.06.02"]
[Round "7"]
[White "Colombiano07"]
[Black "AliKa2810"]
[Result "1/2-1/2"]
[WhiteElo "2354"]
[BlackElo "2577"]
[TimeControl "180+1"]
[EndTime "11:17:29 PDT"]
[Termination "Game drawn by repetition"]

1. Nf3 d5 2. b3 Bg4 3. Bb2 Nd7 4. e3 Ngf6 5. Be2 e6 6. O-O Be7 7. Ne5 Bxe2 8. Qxe2 Nxe5 9. Bxe5 O-O 10. d3 Nd7 11. Bb2 Bf6 12. Bxf6 Qxf6 13. Nd2 Qc3 14. Rfc1 a5 15.
a4 e5 16. Nf3 Rfe8 17. Qe1 Qc5 18. c4 c6 19. e4 dxe4 20. dxe4 Nf8 21. Qc3 f6 22. Rd1 Red8 23. Rd3 Ne6 24. Rad1 Rxd3 25.
Qxd3 Rd8 26. Qc2 Nd4 27. Nxd4 Rxd4 28. g3 Qd6 29. Rxd4 Qxd4 30. Qe2 Kf8 31. Qg4 Qd8 32.
Kg2 Kf7 33. Qh5+ Kg8 34. Qg4 Kf7 35. Qh5+ Kg8 36. Qg4 Kf7 1/2-1/2

[Event "*** SCC Grand Prix: Titled Tuesday Blitz"]
[Site "Chess.com"]
[Date "2020.06.02"]
[Round "7"]
[White "AsaHoffmann"]
[Black "ajdemipopushi"]
[Result "0-1"]
[WhiteElo "2446"]
[BlackElo "2337"]
[TimeControl "180+1"]
[EndTime "11:17:31 PDT"]
[Termination "ajdemipopushi won by resignation"]

1. d4 Nf6 2. Bg5 c5 3. d5 Qb6 4. Nc3 g6 5. Qd2 Bg7 6. f3 Qxb2 7. Rb1 Nxd5 8. Rxb2 Bxc3 9. e4 Bxd2+ 10. Kxd2 Nc7 11. Bc4 Nc6 12. Ne2 f6 13. Be3 b6 14. h4 d6 15. h5 g5 16. c3 Be6 17. Bd3 d5 18.
f4 h6 19. fxg5 hxg5 20. h6 O-O-O 21. Ke1 Ne5 22. Bb1 Ng4 23. Bg1 Rxh6 24. Rh3 Rxh3 25.
gxh3 Ne5 26. Bh2 Nf3+ 27. Kf2 Nxh2 0-1

[Event "*** SCC Grand Prix: Titled Tuesday Blitz"]
[Site "Chess.com"]
[Date "2020.06.02"]
[Round "7"]
[White "MalcolmPein"]
[Black "r31415"]
[Result "0-1"]
[WhiteElo "2217"]
[BlackElo "2431"]
[TimeControl "180+1"]
[EndTime "11:17:40 PDT"]
[Termination "r31415 won by resignation"]

1. d4 Nf6 2. c4 e6 3. Nc3 Bb4 4. e3 O-O 5. Bd3 d5 6. Nf3 b6 7. O-O Bb7 8. cxd5 exd5 9. Ne5 Nbd7 10. f4 Ne4 11. Qf3 Nxc3 12. bxc3 Bxc3 13. Rb1 Nf6 14. Ba3 Re8 15. Rbc1 Ne4 16. Bxe4 dxe4 17. Qh5 g6 18. Qh6 Bd2 19. Nxf7 Qd7 20. Ne5 Bxe3+ 21. Kh1 Rxe5 22. fxe5 c5 23. Rce1 Bxh6 0-1

[Event "*** SCC Grand Prix: Titled Tuesday Blitz"]
[Site "Chess.com"]
[Date "2020.06.02"]
[Round "7"]
[White "Haykoooo0o"]
[Black "goofypenguin96"]
[Result "1/2-1/2"]
[WhiteElo "2562"]
[BlackElo "2277"]
[TimeControl "180+1"]
[EndTime "11:17:41 PDT"]
[Termination "Game drawn by repetition"]

1. d4 d5 2. Nf3 Nf6 3. g3 g6 4. Bg2 Bg7 5. O-O O-O 6. c4 c6 7. cxd5 cxd5 8. Nc3 Nc6 9. Bf4 Bf5 10. Rc1 Rc8 11. Qa4 a6 12. Rfd1 Nh5 13. Be3 Nf6 14.
Ne5 Ne4 15. Nxe4 Bxe4 16. Nxc6 Rxc6 17. Rxc6 bxc6 18. Bxe4 dxe4 19. Qxc6 Qa5 20. a3 f5 21.
Rc1 Rd8 22. Rc5 Qe1+ 23. Kg2 Qxe2 24. Qe6+ Kh8 25. Qxe7 Qf3+ 26. Kh3 Qg4+ 27. Kg2 Qf3+ 28. Kg1 Qd1+ 29. Kg2 Qf3+ 1/2-1/2

[Event "*** SCC Grand Prix: Titled Tuesday Blitz"]
[Site "Chess.com"]
[Date "2020.06.02"]
[Round "7"]
[White "Gmedmundo"]
[Black "BogdanBelyakov89"]
[Result "1-0"]
[WhiteElo "2507"]
[BlackElo "2635"]
[TimeControl "180+1"]
[EndTime "11:17:42 PDT"]
[Termination "Gmedmundo won on time"]

1. e4 e5 2. Nf3 Nc6 3. d4 exd4 4. Nxd4 Nf6 5. Nxc6 bxc6 6. e5 Qe7 7. Qe2 Nd5 8. c4 Ba6 9. b3 Nb6 10. Bb2 Qe6 11.
Nd2 Be7 12. O-O-O O-O 13. Nf3 c5 14. Qc2 Bb7 15. Bd3 g6 16. h4 Bxf3 17. gxf3 h5 18.
Rhg1 Kh7 19. f4 1-0

[Event "*** SCC Grand Prix: Titled Tuesday Blitz"]
[Site "Chess.com"]
[Date "2020.06.02"]
[Round "7"]
[White "CarlssonLudvig"]
[Black "davigator"]
[Result "1-0"]
[WhiteElo "2494"]
[BlackElo "2314"]
[TimeControl "180+1"]
[EndTime "11:17:42 PDT"]
[Termination "CarlssonLudvig won by checkmate"]

1. d4 Nf6 2. c4 e6 3. g3 Bb4+ 4. Bd2 a5 5. Bg2 d5 6. Qc2 c6 7. Nf3 O-O 8. O-O b6 9. Bf4 Be7 10. Nbd2 Ba6 11. Rac1 Ra7 12. cxd5 cxd5 13. Bc7 Qd7 14.
Bxb6 Rb7 15. Bxa5 Bxe2 16. Rfe1 Ba6 17. a4 Bd6 18. Ne5 Bxe5 19. dxe5 Ng4 20. h3 Nh6 21.
Nf3 Bc4 22. Nd4 Ra7 23. Bb4 Re8 24. b3 Ba6 25. Bd2 Nf5 26. Nxf5 exf5 27. Be3 Rb7 28. f4 Rd8 29. Red1 Qe6 30. Bxd5 Qg6 31. Bxb7 Bxb7 32. Rxd8# 1-0

[Event "*** SCC Grand Prix: Titled Tuesday Blitz"]
[Site "Chess.com"]
[Date "2020.06.02"]
[Round "7"]
[White "Reality-Stone"]
[Black "WelshTiger"]
[Result "1-0"]
[WhiteElo "2494"]
[BlackElo "2364"]
[TimeControl "180+1"]
[EndTime "11:17:47 PDT"]
[Termination "Reality-Stone won by checkmate"]

1. d4 Nf6 2. c4 c5 3. d5 e6 4. Nc3 exd5 5. cxd5 d6 6. Nf3 g6 7.
Nd2 Bg7 8. e4 O-O 9. Be2 Ne8 10.
O-O f5 11. f4 Nc7 12. Bf3 b5 13. a4 b4 14. Ncb1 a5 15. Nc4 fxe4 16. Bxe4 Ba6 17.
Nbd2 Ne8 18. Kh1 Nd7 19. Ra2 Nb6 20. b3 Nxc4 21. Nxc4 Bxc4 22. bxc4 Bd4 23. f5 gxf5 24. Bxf5 Ng7 25. g4 Qh4 26. Rg2 Rae8 27. Bf4 Be5 28. Bxe5 Rxe5 29. Rg3 Qg5 30. Kg2 Rfe8 31. Qd3 h6 32.
Rf2 Re3 33. Rxe3 Rxe3 34. Bh7+ Kh8 35. Rf8# 1-0

[Event "*** SCC Grand Prix: Titled Tuesday Blitz"]
[Site "Chess.com"]
[Date "2020.06.02"]
[Round "7"]
[White "KaterynaLagno"]
[Black "JozefKneht"]
[Result "1-0"]
[WhiteElo "2672"]
[BlackElo "2506"]
[TimeControl "180+1"]
[EndTime "11:17:48 PDT"]
[Termination "KaterynaLagno won by resignation"]

1. e4 e5 2. Nf3 Nc6 3. Bb5 a6 4. Ba4 Nf6 5. O-O Nxe4 6. Re1 Nc5 7. Nxe5 Be7 8. Bxc6 dxc6 9. d4 Ne6 10. Be3 O-O 11.
c4 Bf6 12. f4 g6 13. Nc3 Ng7 14. Ne4 Be7 15. Bf2 h5 16. Qf3 Be6 17. Rad1 Bb4 18. Rf1 Be7 19. d5 cxd5 20. cxd5 Bf5 21. Nc5 Qc8 22.
h3 h4 23. Rfe1 Re8 24. Qb3 Bxc5 25. Bxc5 Nh5 26. d6 Be6 27. d7 1-0

[Event "*** SCC Grand Prix: Titled Tuesday Blitz"]
[Site "Chess.com"]
[Date "2020.06.02"]
[Round "7"]
[White "Misticpikachu"]
[Black "djano"]
[Result "1-0"]
[WhiteElo "2270"]
[BlackElo "2413"]
[TimeControl "180+1"]
[EndTime "11:17:48 PDT"]
[Termination "Misticpikachu won by resignation"]

1. c4 Nf6 2. Nc3 e6 3. e4 c5 4. Nf3 d6 5. d4 cxd4 6. Nxd4 a6 7. Be3 b6 8. Be2 Bb7 9. f3 Nbd7 10. O-O Be7 11.
Rc1 O-O 12. Qd2 Ra7 13. b4 Qa8 14. Rfd1 Rd8 15. a4 d5 16. cxd5 exd5 17. exd5 Nxd5 18. Nxd5 Bxd5 19. Nf5 Ne5 20. Bxb6 Rdd7 21. Nxe7+ Rxe7 22. Qxd5 1-0